Map: Eternal Empire LE

Players

Ratl

  • Race: Protoss Protoss
  • League: Silver
  • Spawn Location: 7:00

goodoldman - Winner!

  • Race: Protoss Protoss
  • League: Silver
  • Spawn Location: 1:00

VOD

Have the link to the VOD?

Description

Time

  • Played on: Jan. 10, 2020, 8:49 p.m.
  • Length: 2:17
Show
View Real Time Build Order
Export as new Build Order

Ratl Protoss 

Build Orders:  

Get SALT Encoding   

  12  0:01  Probe  
  13  0:13  Probe (Chrono Boost)  
  14  0:19  Pylon  
  14  0:26  Probe (Chrono Boost)  
  15  0:37  Probe  
  15  0:38  Gateway  
  17  0:50  Probe, Assimilator  
  17  1:02  Probe  
  18  1:11  Assimilator  
  18  1:14  Probe  
  19  1:26  Probe, Cybernetics Core  
  20  1:42  Probe  
  21  1:54  Probe  
Show
View Real Time Build Order
Export as new Build Order

goodoldman Protoss - Winner!

Build Orders: Cannon Rush 

Get SALT Encoding   

  12  0:12  Pylon  
  12  0:33  Forge  
  12  0:37  Probe (Chrono Boost)  
  13  0:48  Probe (Chrono Boost)  
  14  0:53  Pylon  
  14  1:13  Photon Cannon  
  14  1:24  Photon Cannon  
  14  1:36  Photon Cannon  
  14  1:40  Photon Cannon  
  14  2:00  Photon Cannon  
  14  2:05  Pylon  
  14  2:17  Pylon  
Tags
 
Add a new tag
Caveats
  • Supply blocks, unpowered buildings, or Contaminate may cause inaccurate times.
  • Supply counts are checked every 10 seconds.